 Dungeon Crawl Stone Soup version 0.24-a0-92-g7d8ec57 (webtiles) character file.

Game seed: 16890107719841107462

113453 ohad the Brawler (level 16, -17/122 HPs)
             Began as a Demonspawn Monk on Feb 8, 2019.
             Was the Champion of Okawaru.
             Killed by the air
             ... invoked by a wind drake
              (21 damage)
             ... on level 1 of the Shoals on Feb 9, 2019.
             The game lasted 01:37:37 (31399 turns).

ohad the Brawler (Demonspawn Monk)                 Turns: 31399, Time: 01:37:38

Health: -17/122    AC: 18    Str: 17    XL:     16   Next: 14%
Magic:  20/20      EV: 19    Int: 16    God:    Okawaru [******]
Gold:   1358       SH: 13    Dex: 22    Spells: 15/15 levels left

rFire    + . .     SeeInvis .     - Unarmed
rCold    . . .     Gourm    .   y - +2 buckler
rNeg     . . .     Faith    .   H - +0 chain mail of Wucrocun {Int+3 Dex+4}
rPois    .         Spirit   .   C - +2 helmet
rElec    .         Reflect  +   I - +0 cloak {MR+}
rCorr    .         Harm     .   (no gloves)
MR       ++...                  f - +0 pair of boots {Fly}
Stlth    ..........             X - +5 amulet of reflection
HPRegen  0.30/turn              D - +2 ring of dexterity
MPRegen  0.17/turn              e - +3 ring of evasion

@: flying, studying Staves
A: claws 2, repulsion field 1, demonic guardian 1, fire resistance 1, ignite
blood, flame cloud immunity
a: Heroism, Finesse, Renounce Religion, Stop Flying


You were on level 1 of the Shoals.
You worshipped Okawaru.
Okawaru was exalted by your worship.
You were not hungry.

You visited 6 branches of the dungeon, and saw 26 of its levels.
You also visited: Ossuary, Ice Cave and Volcano.

You collected 2692 gold pieces.
You spent 1334 gold pieces at shops.

Inventory:

Hand Weapons
 c - a +1 hand crossbow of flaming
 M - the +8 arc blade {discharge, rElec}
   (You took it off Nikola on level 1 of the Shoals)

   It insulates you from electricity.
 P - a +1 whip of freezing
 R - a +1 short sword of distortion
Missiles
 O - 5 javelins of penetration (quivered)
Armour
 a - a +1 troll leather armour {Snorg}
 f - a +0 pair of boots of flying (worn)
 h - a +3 plate armour of fire resistance
 j - a +0 shield
 n - a scarf of repulsion
 p - a +0 helmet of intelligence
 v - a +3 scale mail of fire resistance
 y - a +2 buckler (worn)
 C - a +2 helmet (worn)
 H - the +0 chain mail of Wucrocun (worn) {Int+3 Dex+4}
   (You found it on level 5 of the Dungeon)

   It affects your intelligence (+3).
   It affects your dexterity (+4).
 I - a +0 cloak of magic resistance (worn)
 J - a scarf of repulsion
 Z - a +1 cloak of invisibility
Jewellery
 e - a +3 ring of evasion (right claw)
 B - an uncursed ring of positive energy
 D - a +2 ring of dexterity (left claw)
 L - an uncursed ring of protection from cold
 S - an uncursed ring of protection from magic
 V - an uncursed ring of resist corrosion
 X - a +5 amulet of reflection (around neck)
Scrolls
 l - 6 scrolls of immolation
 o - 2 scrolls of magic mapping
 r - 2 scrolls of blinking
 s - 15 scrolls of teleportation
 u - 3 scrolls of remove curse
 w - 6 scrolls of fog
 F - 6 scrolls of enchant weapon {unknown}
 N - a scroll of silence
 T - 2 scrolls of brand weapon {unknown}
 W - 3 scrolls of summoning
 Y - 6 scrolls of enchant armour
Potions
 d - a potion of invisibility
 i - 9 potions of haste
 k - 2 potions of cancellation
 m - 2 potions of agility
 q - a potion of berserk rage
 z - 3 potions of ambrosia
 A - 12 potions of curing
 E - a potion of resistance
 G - 5 potions of might
 K - 8 potions of heal wounds
Books
 t - a manual of Staves
Miscellaneous
 g - 2 phantom mirrors
 x - a sack of spiders
 U - 2 boxes of beasts
Comestibles
 b - 26 rations


   Skills:
 - Level 10.2 Fighting
 - Level 10.9 Armour
 - Level 10.2 Dodging
 - Level 1.7 Stealth
 - Level 5.1 Shields
 + Level 18.9 Unarmed Combat
 - Level 6.0 Invocations


You had 15 spell levels left.
You didn't know any spells.
Your spell library contained the following spells:

 Spells                   Type           Power        Failure   Level  Hunger
 Animate Skeleton         Necr           N/A          92%         1    ##.....
 Flame Tongue             Conj/Fire      #....        92%         1    ##.....
 Magic Dart               Conj           #...         92%         1    ##.....
 Pain                     Necr           #...         92%         1    ##.....
 Summon Small Mammal      Summ           #...         92%         1    ##.....
 Call Imp                 Summ           #.......     98%         2    ###....
 Searing Ray              Conj           #.....       98%         2    ###....
 Throw Flame              Conj/Fire      #.....       98%         2    ###....
 Call Canine Familiar     Summ           #.......     100%        3    ####...
 Conjure Flame            Conj/Fire      #.......     100%        3    ####...
 Dazzling Spray           Conj/Hex       #.....       100%        3    ####...
 Inner Flame              Hex/Fire       #.......     100%        3    ####...
 Regeneration             Chrm/Necr      #.........   100%        3    ####...
 Summon Guardian Golem    Hex/Summ       #.......     100%        3    ####...
 Vampiric Draining        Necr           #.........   100%        3    ####...
 Animate Dead             Necr           N/A          100%        4    #####..
 Force Lance              Conj/Tloc      #.......     100%        4    #####..
 Fulminant Prism          Conj/Hex       #.........   100%        4    #####..
 Iskenderun's Mystic Bla  Conj           #.......     100%        4    #####..
 Sticky Flame             Conj/Fire      #.......     100%        4    #####..
 Summon Ice Beast         Ice/Summ       #.......     100%        4    #####..
 Summon Lightning Spire   Summ/Air       #.......     100%        4    #####..
 Fireball                 Conj/Fire      #.........   100%        5    ######.


Dungeon Overview and Level Annotations

Branches:
Dungeon (15/15)            Temple (1/1) D:4            Lair (6/6) D:11
 Shoals (1/4) Lair:4       Spider (1/4) Lair:4        Slime (0/5) Lair:5
    Orc (2/2) D:11            Elf (0/3) Orc:2        Vaults (0/5) D:13
 Depths (0/5) D:15

Altars:
Ashenzari
Cheibriados
Dithmenos
Elyvilon
Fedhas
Gozag
Hepliaklqana
Kikubaaqudgha
Makhleb
Nemelex Xobeh
Okawaru
Qazlal
Ru
Sif Muna
Trog
Uskayaw
Vehumet
Wu Jian
Xom
Yredelemnul
Zin
The Shining One

Shops:
D:6 !   D:7 ?   Orc:1 (   Orc:2 (=!*

Annotations:
D:4 4 runed translucent doors
D:7 2 transporters, confidenceinterval's ghost, novice DsGl
Lair:3 exclusion: 3 oklob plants


Innate Abilities, Weirdness & Mutations

You have very sharp fingernails.
You are surrounded by a mild repulsion field. (EV +2)
A weak demonic guardian rushes to your aid.
Your flesh is heat resistant. (rF+)
Your demonic aura causes spilled blood to erupt in flames.
You are immune to clouds of flame.


Message History

You closely miss the wind drake. You claw the wind drake!
The wind drake is moderately wounded.
The wind drake is engulfed in blazing flames.
You block the wind drake's attack.
You completely miss the wind drake.
The wind drake is moderately wounded.
The wind drake is engulfed in blazing flames.
The wind drake exhales a fierce blast of wind!
You are blown backwards!
The wind drake is engulfed in blazing flames.
The wind drake flaps its wings at you.
The air twists around and violently strikes you in flight!
* * * LOW HITPOINT WARNING * * *
The wind drake flaps its wings at you.
The air twists around and violently strikes you in flight!
* * * LOW HITPOINT WARNING * * *
The wind drake flaps its wings at you.
The air twists around and violently strikes you in flight!
You die...

≈≈≈≈≈≈≈≈≈≈≈≈≈P≈≈[≈≈≈≈≈≈
≈≈≈≈≈≈≈≈PPPP≈≈≈≈..≈..≈≈≈
≈≈≈≈≈≈PPPPPP≈P≈..≈.....≈
≈≈≈≈≈≈≈≈PPP.....≈≈..$...
≈≈≈≈≈≈≈.....P....≈......
≈≈≈≈≈≈.....####......##.
≈≈≈≈≈...○P## #.....##
≈≈≈≈≈≈..#k.## #........
≈≈≈≈≈≈..@...# ########..
≈≈≈≈≈≈≈≈....## #
≈≈≈≈≈≈≈≈....#
≈≈≈≈≈≈≈≈..P.#
≈≈≈≈≈≈≈≈...#### #######.
≈≈≈≈≈≈≈...## P#####.......
≈≈≈≈≈≈...####.P.P........≈
≈≈≈≈≈≈.......P............
≈≈≈≈≈≈..##........##......


You could see a wind drake.

Vanquished Creatures
  Nikola (Shoals:1)
  Rupert (Lair:6)
  Gastronok (D:8)
  A frost giant (IceCv)
  An orc warlord (D:11)
  A stone giant (Volcano)
  Nessos (Lair:6)
  Snorg (D:12)
  Josephine (Lair:4)
  A merfolk impaler (Shoals:1)
  2 vault guards (D:13)
  Erolcha (D:13)
  7 hydras
  A merfolk avatar (Shoals:1)
  5 centaur warriors
  6 death yaks
  2 two-headed ogres
  An orc high priest (Orc:2)
  Urug (Lair:5)
  Sonja (D:12)
  2 unseen horrors
  2 sea snakes (Shoals:1)
  3 wizards
  Pikel (D:6)
  6 ugly things
  3 necromancers
  7 orc sorcerers
  2 cyclopes
  4 deep elf magi (D:15)
  2 salamanders (shapeshifter)
  4 manticores
  3 centaur zombies
  Maurice (Orc:2)
  2 black mambas
  7 elephants (Lair:4)
  An ice statue (IceCv)
  2 molten gargoyles (Volcano)
  13 spiny frogs
  A torpor snail (Lair:1)
  A naga mage (D:15)
  4 gargoyles
  7 komodo dragons
  A yaktaur (shapeshifter) (D:13)
  2 efreet
  5 rime drakes
  A redback zombie (D:15)
  A kobold demonologist (D:13)
  5 yaktaurs
  A queen bee (D:9)
  3 tengu conjurers
  6 trolls
  A jumping spider (Lair:4)
  3 hornets (Lair:6)
  3 meliai (D:13)
  24 polar bears
  5 slime creatures (D:12)
  Prince Ribbit (D:5)
  5 blink frogs (Lair:5)
  A wind drake (Shoals:1)
  7 dream sheep
  8 hippogriffs
  A snapping turtle (Lair:4)
  4 shadows
  12 spriggans (Lair:6)
  A meliai zombie (D:15)
  2 redbacks (Spider:1)
  3 centaur simulacra
  19 humans (D:13)
  2 water elementals
  A tarantella (Spider:1)
  3 wraiths
  A basilisk (D:10)
  41 yaks
  2 wyverns
  A human (shapeshifter) (D:15)
  2 fire bats (Volcano)
  2 fire elementals (Volcano)
  15 vampire mosquitoes
  Edmund (D:4)
  A warg (Orc:1)
  An acid dragon (D:15)
  A soldier ant (D:14)
  4 ice beasts
  15 water moccasins
  10 porcupines
  23 orc warriors
  5 black bears
  8 sky beasts
  2 phantoms (D:9)
  14 ogres
  39 wolves
  22 centaurs
  4 boggarts (Lair:6)
  12 crocodiles
  2 big kobolds
  A gnoll sergeant (D:7)
  13 bullfrogs
  A wyvern zombie (D:11)
  A water moccasin zombie (D:6)
  3 scorpions
  A hornet simulacrum (D:15)
  24 killer bees
  10 wights
  4 electric eels
  5 howler monkeys
  3 bullfrog zombies
  6 lava snakes (Volcano)
  6 crimson imps
  A bullfrog skeleton (D:13)
  23 orc priests
  A wyvern simulacrum (D:15)
  3 centaur skeletons
  10 hounds
  Crazy Yiuf (D:4)
  26 orc wizards
  An iguana (D:8)
  10 worker ants
  2 big kobold zombies (Ossuary)
  9 mummies
  A howler monkey skeleton (D:7)
  A worker ant zombie (D:11)
  9 gnolls
  9 adders
  2 shadow imps
  3 oozes
  3 adder skeletons
  5 worms
  3 dart slugs
  5 leopard geckos
  51 orcs
  5 giant cockroaches
  2 gnoll zombies (Ossuary)
  9 goblins
  6 hobgoblins
  11 jackals
  17 kobolds
  3 quokkas
  2 ball pythons (D:1)
  4 bats
  4 frilled lizards
  A goblin zombie (D:8)
  2 kobold zombies (Ossuary)
  A leopard gecko skeleton (D:4)
  3 orc zombies
  A quokka skeleton (D:4)
  6 rats
  2 fungi
810 creatures vanquished.

Vanquished Creatures (collateral kills)
  A deep elf mage (D:15)
  2 elephants (Lair:4)
  A centaur skeleton (D:14)
  A rime drake (Lair:4)
  A polar bear (IceCv)
  2 blink frogs (Lair:6)
  Grinder (D:4)
  A hippogriff (D:11)
  Sigmund (D:4)
  4 yaks
  A wraith (Lair:4)
  A vampire mosquito (D:13)
  A water moccasin (Lair:6)
  A porcupine (Lair:1)
  A slave (D:6)
  A black bear (D:2)
  A sky beast (D:9)
  A phantom (D:9)
  2 centaurs (D:13)
  A wolf (Lair:6)
  A bullfrog (D:9)
  A killer bee (D:9)
  An orc wizard (Orc:2)
  A gnoll (D:2)
  A worm (D:4)
  4 orcs
  A jackal (D:4)
36 creatures vanquished.

Vanquished Creatures (others)
  A centaur skeleton (D:15)
  An ogre (D:13)
  A wolf (IceCv)
  A centaur (D:13)
  A bullfrog (D:6)
  An orc wizard (Orc:2)
  A kobold (D:10)
  A quokka skeleton (D:6)
  A fungus (Lair:4)
  5 plants
14 creatures vanquished.

Grand Total: 860 creatures vanquished

Notes
Turn   | Place    | Note
-------+----------+-------------------------------------------
     0 | D:1      | ohad the Demonspawn Monk began the quest for the Orb.
     0 | D:1      | Reached XP level 1. HP: 18/18 MP: 1/1
    28 | D:1      | Reached skill level 3 in Unarmed Combat
    85 | D:1      | Gained mutation: A weak demonic guardian rushes to your
                  | aid. [demonic ancestry]
    85 | D:1      | Reached XP level 2. HP: 9/24 MP: 2/2
   663 | D:1      | Found a shattered altar of Ashenzari.
   669 | D:1      | Reached XP level 3. HP: 29/29 MP: 3/3
   864 | D:1      | Reached skill level 4 in Unarmed Combat
  1214 | D:2      | Found a deep blue altar of Sif Muna.
  1216 | D:2      | Found a bloodstained altar of Trog.
  1282 | D:2      | Found a radiant altar of Vehumet.
  1282 | D:2      | Found a white marble altar of Elyvilon.
  1282 | D:2      | Found a glowing golden altar of the Shining One.
  1282 | D:2      | Found a stormy altar of Qazlal.
  1479 | D:2      | Reached XP level 4. HP: 32/35 MP: 4/4
  1531 | D:2      | Noticed a black bear
  1542 | D:2      | Killed a black bear
  1542 | D:2      | Reached skill level 5 in Unarmed Combat
  1772 | D:2      | Gained mutation: You have sharp fingernails. [demonic
                  | ancestry]
  1772 | D:2      | Reached XP level 5. HP: 38/41 MP: 5/5
  3011 | D:3      | Found a shattered altar of Ashenzari.
  3011 | D:3      | Found a hide-covered altar of Uskayaw.
  3443 | D:4      | Found a staircase to the Ecumenical Temple.
  3448 | Temple   | Entered the Ecumenical Temple
  3637 | Temple   | Became a worshipper of Warmaster Okawaru
  3637 | Temple   | Reached * piety under Okawaru
  3637 | Temple   | Reached ** piety under Okawaru
  3675 | D:4      | Reached skill level 1 in Invocations
  3696 | D:4      | Found a large runed translucent door.
  3696 | D:4      | Found a large runed translucent door.
  3754 | D:4      | Noticed a phantom
  3754 | D:4      | Noticed a centaur
  3830 | D:4      | Found a large runed translucent door.
  3830 | D:4      | Found a large runed translucent door.
  3882 | D:4      | Noticed an ogre
  3884 | D:4      | Gained mutation: Your flesh is heat resistant. (rF+)
                  | [demonic ancestry]
  3884 | D:4      | Reached XP level 6. HP: 47/47 MP: 7/7
  3893 | D:4      | Reached skill level 1 in Shields
  4203 | D:4      | Noticed Edmund
  4225 | D:4      | Killed Edmund
  4225 | D:4      | Gained mutation: You have very sharp fingernails. [demonic
                  | ancestry]
  4225 | D:4      | Reached XP level 7. HP: 48/52 MP: 9/9
  4268 | D:4      | Noticed Sigmund
  4279 | D:4      | Killed Sigmund
  4330 | D:4      | Reached *** piety under Okawaru
  4698 | D:4      | Noticed Grinder
  4707 | D:4      | Paralysed by Grinder for 7 turns
  4713 | D:4      | Killed Grinder
  5079 | D:4      | Found a runed translucent door.
  5080 | D:4      | Noticed Crazy Yiuf
  5088 | D:4      | Killed Crazy Yiuf
  5088 | D:4      | Reached skill level 5 in Shields
  5253 | D:5      | Entered Level 5 of the Dungeon
  5378 | D:5      | Got a spiked chain mail
  5389 | D:5      | Identified the cursed +0 chain mail of Wucrocun {Int+3
                  | Dex+4} (You found it on level 5 of the Dungeon)
  5642 | D:5      | Reached skill level 1 in Armour
  5711 | D:5      | Noticed Prince Ribbit
  5730 | D:5      | Killed Prince Ribbit
  5730 | D:5      | Gained mutation: You are immune to clouds of flame.
                  | [demonic ancestry]
  5730 | D:5      | Reached XP level 8. HP: 44/58 MP: 10/10
  6101 | D:6      | Found Mupep's Distillery.
  6118 | D:6      | Bought 2 potions of heal wounds for 140 gold pieces
  6118 | D:6      | Bought a potion of curing for 42 gold pieces
  6118 | D:6      | Bought a potion of might for 56 gold pieces
  6173 | D:6      | Reached skill level 5 in Armour
  6177 | D:6      | Reached **** piety under Okawaru
  6262 | D:6      | Noticed Pikel
  6285 | D:6      | Killed Pikel
  6285 | D:6      | Received a gift from Okawaru
  6471 | D:7      | Reached skill level 6 in Unarmed Combat
  6488 | D:6      | Reached XP level 9. HP: 18/63 MP: 11/11
  6816 | D:7      | Reached skill level 7 in Unarmed Combat
  6931 | D:7      | Found Eruom's Magic Scroll Boutique.
  6947 | D:7      | Bought a scroll of identify for 24 gold pieces
  6960 | D:7      | Found an opulent altar of Gozag.
  6984 | D:7      | Noticed confidenceinterval's ghost (novice DsGl)
  6984 | D:7      | Noticed a wolf spider
  6986 | D:7      | Found a transporter.
  6999 | D:7      | Found a transporter.
  7258 | D:8      | Noticed Gastronok
  7272 | D:8      | Killed Gastronok
  7272 | D:8      | Reached ***** piety under Okawaru
  7272 | D:8      | Reached skill level 10 in Unarmed Combat
  7272 | D:8      | Reached XP level 10. HP: 70/70 MP: 10/12
  7775 | D:8      | Found a sand-covered staircase.
  7784 | Ossuary  | Entered an ossuary
  7894 | Ossuary  | Received a gift from Okawaru
  8111 | D:8      | Noticed a manticore
  8121 | D:8      | Killed a manticore
  8121 | D:8      | Reached skill level 5 in Fighting
  9002 | D:9      | Noticed a red ugly thing
  9009 | D:9      | Killed a red ugly thing
  9724 | D:10     | Entered Level 10 of the Dungeon
  9845 | D:10     | Reached XP level 11. HP: 82/87 MP: 13/13
 10195 | D:10     | Received a gift from Okawaru
 10267 | D:10     | Reached skill level 11 in Unarmed Combat
 11639 | D:10     | Reached skill level 12 in Unarmed Combat
 11703 | D:11     | Noticed a six-headed hydra
 11719 | D:11     | Killed a six-headed hydra
 12281 | D:11     | Found a staircase to the Lair.
 12507 | D:11     | Found a staircase to the Orcish Mines.
 12704 | D:7      | Bought a scroll of blinking for 90 gold pieces
 12704 | D:7      | Bought a scroll of identify for 24 gold pieces
 12704 | D:7      | Bought a scroll of identify for 24 gold pieces
 12704 | D:7      | Bought 2 scrolls of identify for 48 gold pieces
 12806 | Lair:1   | Entered Level 1 of the Lair of Beasts
 12823 | Lair:1   | Reached skill level 13 in Unarmed Combat
 13244 | Lair:1   | Noticed a death yak
 13244 | Lair:1   | Noticed a death yak
 13245 | Lair:1   | Noticed a death yak
 13245 | Lair:1   | Noticed a death yak
 13245 | Lair:1   | Noticed a death yak
 13262 | Lair:1   | Killed a death yak
 13272 | Lair:1   | Killed a death yak
 13272 | Lair:1   | Gained mutation: Your demonic aura causes spilled blood to
                  | erupt in flames. [demonic ancestry]
 13272 | Lair:1   | Reached XP level 12. HP: 54/94 MP: 12/14
 13275 | Lair:1   | Killed a death yak
 13281 | Lair:1   | Killed a death yak
 13287 | Lair:1   | Killed a death yak
 13558 | Lair:1   | Noticed an eight-headed hydra
 13566 | Lair:1   | Killed an eight-headed hydra
 13566 | Lair:1   | Reached skill level 14 in Unarmed Combat
 13755 | Lair:1   | Received a gift from Okawaru
 14573 | Lair:1   | Reached skill level 5 in Dodging
 15855 | Lair:3   | Received a gift from Okawaru
 15975 | Lair:3   | Found a dark tunnel.
 15992 | Volcano  | Entered a volcano
 16382 | Volcano  | Found a burning altar of Makhleb.
 16466 | Volcano  | Noticed a stone giant
 16475 | Volcano  | Killed a stone giant
 16649 | Volcano  | Reached XP level 13. HP: 89/100 MP: 15/15
 16880 | Lair:3   | Got a fine ring mail
 17112 | Lair:4   | Found a frozen archway.
 17133 | Lair:4   | Identified the cursed +0 ring mail of Valiance {*Corrode
                  | +Blink Int+2} (You found it on level 3 of the Lair of
                  | Beasts)
 17149 | IceCv    | Entered an ice cave
 17335 | IceCv    | Reached ****** piety under Okawaru
 18029 | IceCv    | Reached skill level 5 in Invocations
 18250 | IceCv    | Received a gift from Okawaru
 18482 | IceCv    | Noticed a frost giant
 18499 | IceCv    | Killed a frost giant
 18501 | IceCv    | Received a gift from Okawaru
 19029 | Lair:4   | Noticed Josephine
 19041 | Lair:4   | Killed Josephine
 19041 | Lair:4   | Reached skill level 10 in Dodging
 19297 | Lair:4   | Found a hole to the Spider Nest.
 19315 | Lair:4   | Received a gift from Okawaru
 19384 | Lair:4   | Found a staircase to the Shoals.
 19674 | Lair:4   | Reached skill level 10 in Fighting
 19933 | Lair:5   | Found a staircase to the Slime Pits.
 20063 | Lair:5   | Reached XP level 14. HP: 100/110 MP: 18/18
 20352 | Lair:5   | Noticed Urug
 20366 | Lair:5   | Killed Urug
 20375 | Lair:5   | Reached skill level 10 in Armour
 20882 | Lair:6   | Entered Level 6 of the Lair of Beasts
 20885 | Lair:6   | Received a gift from Okawaru
 20886 | Lair:6   | Found the +7 lajatang of Order {silver, rMut}
 20939 | Lair:6   | Noticed Rupert
 20963 | Lair:6   | Killed Rupert
 21347 | Lair:6   | Noticed Nessos
 21359 | Lair:6   | Killed Nessos
 21359 | Lair:6   | Received a gift from Okawaru
 21732 | Lair:6   | Paralysed by a hornet for 1 turns
 21891 | Lair:6   | Reached skill level 15 in Unarmed Combat
 22723 | D:12     | Noticed Sonja
 22734 | D:12     | Killed Sonja
 22798 | D:12     | Noticed Snorg
 22809 | D:12     | Killed Snorg
 22809 | D:12     | Received a gift from Okawaru
 22955 | D:12     | Found a sparkling altar of Nemelex Xobeh.
 22976 | D:12     | Found a blossoming altar of Fedhas.
 23820 | D:13     | Noticed Erolcha
 23828 | D:13     | Killed Erolcha
 23828 | D:13     | Reached skill level 16 in Unarmed Combat
 24129 | D:13     | Reached XP level 15. HP: 79/115 MP: 19/19
 24151 | D:13     | Received a gift from Okawaru
 25048 | D:13     | Found a gate to the Vaults.
 25663 | D:14     | Reached skill level 17 in Unarmed Combat
 25793 | D:14     | Found an ornate altar of the Wu Jian Council.
 26034 | D:14     | Received a gift from Okawaru
 26796 | D:15     | Entered Level 15 of the Dungeon
 26807 | D:15     | Found a shadowy altar of Dithmenos.
 27614 | D:15     | Reached skill level 18 in Unarmed Combat
 27623 | D:15     | Found a staircase to the Depths.
 28441 | Orc:1    | Entered Level 1 of the Orcish Mines
 28507 | Orc:1    | Noticed an orc warlord
 28575 | D:11     | Killed an orc warlord
 28710 | D:11     | Upgraded the game from 0.24-a0-91-g4e4936a to
                  | 0.24-a0-92-g7d8ec57
 28980 | Orc:1    | Found Wypapor's Antique Weapon Emporium.
 29141 | Orc:2    | Entered Level 2 of the Orcish Mines
 29375 | Orc:2    | Noticed Maurice
 29379 | Orc:2    | Found a staircase to the Elven Halls.
 29386 | Orc:2    | Killed Maurice
 29436 | Orc:2    | Received a gift from Okawaru
 29447 | Orc:2    | Found Utozeemiwo's Antique Weapon Emporium.
 29454 | Orc:2    | Found Lages's Jewellery Emporium.
 29784 | Orc:2    | Gained mutation: You are surrounded by a mild repulsion
                  | field. (EV +2) [demonic ancestry]
 29784 | Orc:2    | Reached XP level 16. HP: 114/122 MP: 20/20
 29873 | Orc:2    | Found Ubran's Assorted Antiques.
 29880 | Orc:2    | Found Osilo's Distillery.
 29886 | Orc:2    | Bought 2 potions of haste for 360 gold pieces
 29886 | Orc:2    | Bought 2 potions of agility for 144 gold pieces
 29886 | Orc:2    | Bought a potion of might for 72 gold pieces
 29886 | Orc:2    | Bought a potion of might for 72 gold pieces
 29896 | Orc:2    | Bought a scratched sapphire ring for 170 gold pieces
 29896 | Orc:2    | Bought a scroll labeled AVECEFY TAER for 34 gold pieces
 29896 | Orc:2    | Bought a scroll labeled AVECEFY TAER for 34 gold pieces
 30472 | Spider:1 | Entered Level 1 of the Spider Nest
 30800 | Shoals:1 | Entered Level 1 of the Shoals
 31349 | Shoals:1 | Noticed Nikola
 31377 | Shoals:1 | Killed Nikola
 31399 | Shoals:1 | HP: 4/122 [wind drake/the air (12)]
 31399 | Shoals:1 | Killed from afar by a wind drake

Levels and vault maps discovered:
D:1:      ebering_hopf_link, layout_loops_ring, ashenzari_altar_1
D:2:      layout_loops_corners, grunt_temple_overflow_open,
          minmay_misc_feat_room
D:3:      layout_loops_ring, gammafunk_temple_overflow_statue,
          minmay_quadrilaterals
D:4:      layout_layer_cave, temple_doors_cd, minmay_hollow_rounded_squares,
          uniq_edmund, uniq_sigmund, uniq_crazy_yiuf_cottage, uniq_grinder
D:5:      layout_loops_ring, first_ration, uniq_prince_ribbit1
D:6:      layout_rooms, serial_shops, nicolae_shop_stone,
          kennysheep_generic_room_14, uniq_pikel
D:7:      layout_rooms, lemuel_crystal_altar, serial_shops, shop,
          gammafunk_ghost_arena
D:8:      layout_cave_pools, nicolae_ossuary_entry_giza, the_bakery,
          uniq_gastronok
D:9:      layout_rooms, special_room [special_room_bee]
D:10:     layout_cave_pods
D:11:     layout_big_octagon, grunt_lair_entry_orc_guard_hut,
          evilmike_surprise_oklob
D:12:     layout_irregular_city, drop_trap, hangedman_feature_mirror,
          minmay_misc_feat_chi, centaur_isle, uniq_snorg, uniq_sonja
D:13:     layout_rooms, grunt_vaults_entry_tiered, uniq_erolcha
D:14:     layout_stronghold, dk_noncrumbling_4, basic_altar, minivault_14
D:15:     grunt_enter_depths_magical_seal, layout_irregular_city,
          grunt_dithmenos_smoke_and_mirrors, serial_ice, serial_ice_d,
          serial_ice_c, serial_ice_e, serial_ice_k, billiards_dpeg
Temple:   nicolae_temple_figure_eight
Lair:1:   layout_layer_cave, st_stairs_11, patterned_corridor
Lair:2:   layout_loops_ring
Lair:3:   layout_long_grid, nicolae_volcano_entry_two_sided,
          cheibrodos_lair_caveside_slide, minmay_lair_oklob_chamber,
          infiniplex_staircase_pool_2
Lair:4:   layout_cave_pods, minmay_shoals_entry_hut, spider_nest_entry_rubble,
          portal_ice_cave_rime, minivault_25, serial_bayou_shore_a,
          uniq_josephine
Lair:5:   layout_gridlike, slime_dummy, serial_bayou_shore_b,
          infiniplex_staircase_pool, uniq_urug
Lair:6:   minmay_lair_end_enchanted_forest, layout_long_grid,
          grunt_megastairs_3, uniq_nessos, uniq_rupert
Shoals:1: layout_shoals, uniq_roxanne, uniq_nikola
Spider:1: layout_spider_delve, uniq_frances, uniq_louise
Orc:1:    layout_caves, serial_shops, shop
Orc:2:    st_orc_mages, layout_diamond_mine, uniq_maurice
Ossuary:  ossuary_tomb_3
IceCv:    ice_cave_caverns_02
Volcano:  volcano_lake [vl_original]

Skill      XL: |  1  2  3  4  5  6  7  8  9 10 11 12 13 14 15 |
---------------+----------------------------------------------+-----
Unarmed Combat | 3 4 5 6 10 13 14 16 18 | 18.9
Invocations    | 2 3 6 |  6.0
Shields        | 3 5 |  5.1
Armour         | 3 6 8 9 10 | 10.9
Fighting       | 8 10 | 10.2
Dodging        | 7 10 | 10.2
Stealth        | |  1.7

Action                   |  1- 3 |  4- 6 |  7- 9 | 10-12 | 13-15 | 16-18 || total
-------------------------+-------+-------+-------+-------+-------+-------++-------
Melee: Unarmed           |   120 |   178 |   222 |   843 |  1196 |    79 ||  2638
       Punch             |     2 |     1 |       |       |       |       ||     3
Throw: Throwing net      |     1 |     1 |       |       |       |       ||     2
       Tomahawk          |       |       |       |     3 |       |       ||     3
       Javelin           |       |       |       |       |     1 |       ||     1
Invok: Heroism           |       |     2 |     5 |    17 |     8 |       ||    32
       Finesse           |       |       |       |       |     1 |       ||     1
  Use: Scroll            |     1 |     4 |     1 |    12 |    11 |       ||    29
       Potion            |       |       |     1 |     4 |     4 |       ||     9
 Stab: Sleeping          |     5 |     7 |     1 |       |       |       ||    13
       Held in net/web   |     1 |       |       |       |       |       ||     1
       Distracted        |       |     3 |     3 |     3 |    10 |     2 ||    21
  Eat: Chunk             |     1 |     9 |    10 |    19 |    23 |     2 ||    64
       Ration            |       |       |       |     4 |     5 |     1 ||    10
Armor: Robe              |    15 |     8 |       |       |       |       ||    23
       Scale mail        |       |    35 |    26 |       |       |       ||    61
       Chain mail        |       |       |    67 |   256 |   266 |    20 ||   609
Dodge: Dodged            |    65 |    58 |    94 |   285 |   550 |    25 ||  1077
Block: Buckler           |       |    12 |    90 |   393 |   714 |    25 ||  1234
       Shield            |       |     2 |       |       |       |       ||     2
       Reflection        |       |       |       |    15 |    49 |       ||    64

Table legend:
 A = Non-vault XP
 B = Vault XP
 C = Vault XP percentage of total XP
 D = Non-vault monster count
 E = Vault monster count
 F = Vault count percentage of total count
                 A         B        C        D         E       F
            +---------+---------+-------+---------+---------+-------
      Total |   92317 |   69759 |  43.0 |     547 |     300 |  35.4
            +---------+---------+-------+---------+---------+-------
        D:1 |      67 |       0 |   0.0 |      31 |       0 |   0.0
        D:2 |     151 |       0 |   0.0 |      18 |       0 |   0.0
        D:3 |      85 |      13 |  13.3 |      21 |       5 |  19.2
        D:4 |     185 |     653 |  77.9 |      11 |      11 |  50.0
        D:5 |     188 |     221 |  54.0 |       5 |       1 |  16.7
        D:6 |     902 |     621 |  40.8 |      23 |       2 |   8.0
        D:7 |     378 |       0 |   0.0 |       9 |       0 |   0.0
        D:8 |    1014 |    2201 |  68.5 |      20 |       5 |  20.0
        D:9 |    2244 |    1686 |  42.9 |      22 |      25 |  53.2
       D:10 |    3473 |       0 |   0.0 |      33 |       0 |   0.0
       D:11 |    7098 |     693 |   8.9 |      33 |       6 |  15.4
       D:12 |    2461 |    3996 |  61.9 |      15 |      10 |  40.0
       D:13 |   12825 |    8524 |  39.9 |      48 |      26 |  35.1
       D:14 |    8147 |       0 |   0.0 |      40 |       0 |   0.0
       D:15 |   10704 |    6067 |  36.2 |      34 |      18 |  34.6
     Lair:1 |    8940 |    1004 |  10.1 |      28 |       1 |   3.4
     Lair:2 |    2474 |       0 |   0.0 |      10 |       0 |   0.0
     Lair:3 |    2832 |    1007 |  26.2 |      12 |       4 |  25.0
     Lair:4 |    7872 |    2710 |  25.6 |      25 |       8 |  24.2
     Lair:5 |    2879 |     799 |  21.7 |      13 |       1 |   7.1
     Lair:6 |    8165 |   12819 |  61.1 |      34 |      51 |  60.0
   Shoals:1 |    3698 |    3767 |  50.5 |       5 |       1 |  16.7
   Spider:1 |     664 |       0 |   0.0 |       3 |       0 |   0.0
      Orc:1 |    2628 |      37 |   1.4 |      25 |       1 |   3.8
      Orc:2 |    2243 |    5048 |  69.2 |      29 |      39 |  57.4
    Ossuary |       0 |     203 | 100.0 |       0 |      16 | 100.0
      IceCv |       0 |   13134 | 100.0 |       0 |      53 | 100.0
    Volcano |       0 |    4556 | 100.0 |       0 |      16 | 100.0
            +---------+---------+-------+---------+---------+-------
